 Dungeon Crawl Stone Soup version 0.29-a0-364-g921d912d32 (webtiles) character file.

Game seed: 12877853246762214681

2910 freelancePsychic the Skirmisher (level 9, -6/63 (72) HPs)
             Began as a Pale Draconian Fighter on Apr 30, 2022.
             Was a High Priest of Ru.
             Killed by the air
             ... invoked by Gastronok
              (28 damage)
             ... on level 8 of the Dungeon.
             The game lasted 00:17:27 (8057 turns).

freelancePsychic the Skirmisher (DrFi)              Turns: 8057, Time: 00:17:27

HP:   -6/63 (72)    AC: 10    Str: 20    XL:     9   Next: 49%
MP:   2/9           EV: 12    Int: 10    God:    Ru [*****.]
Gold: 394           SH:  8    Dex: 12    Spells: 8/8 levels left

rFire   . . .      SeeInvis .   i - +5 trident (vorpal)
rCold   . . .      Faith    .   s - +0 kite shield
rNeg    . . .      Spirit   .   (body armour unavailable)
rPois   .          Reflect  .   (helmet restricted)
rElec   .          Harm     .   l - +1 cloak
rCorr   .          Rampage  .   e - +0 pair of gloves
Will    .....                   (no boots)
Stlth   +++.......              (no amulet)
HPRegen 0.20/turn               (no ring)
MPRegen 0.11/turn               (no ring)

@: brilliant, exhausted, short of breath, attractive, heavily drained
A: breathe steam, AC +7, unfitting armour, frail 1, cold-blooded, inability to
use devices, hated by all, steam resistance
a: Breathe Steam, Renounce Religion, Draw Out Power, Power Leap, Apocalypse


You were on level 8 of the Dungeon.
You worshipped Ru.
Ru was extremely pleased with you.
You visited 1 branch of the dungeon, and saw 8 of its levels.
You also visited: Sewer.

You collected 394 gold pieces.

Inventory:

Hand Weapons
 i - a +5 vorpal trident (weapon)
Missiles
 d - 10 poisoned darts (quivered)
Armour
 b - a +0 buckler
 e - a +0 pair of gloves (worn)
 l - a +1 cloak (worn)
 s - a +0 kite shield (worn)
Jewellery
 q - a ring of flight
Scrolls
 a - a scroll of vulnerability
 f - 2 scrolls of noise
 g - 2 scrolls of amnesia
 k - a scroll of blinking
 m - 3 scrolls of teleportation {@r4}
Potions
 h - a potion of brilliance
 j - a potion of flight {unknown}
 p - a potion of ambrosia {unknown}
 r - a potion of cancellation {unknown}


   Skills:
 + Level 7.6 Fighting
 - Level 6.6 Short Blades
 * Level 5.1 Polearms
 - Level 5.0 Dodging
 + Level 5.9 Stealth
 + Level 4.0 Shields


You had 8 spell levels left.
You didn't know any spells.
Your spell library contained the following spells:

 Spells                   Type           Power      Damage    Failure   Level
 Apportation              Tloc           0%         N/A       75%         1
 Sublimation of Blood     Necr           0%         N/A       86%         2
 Wereblood                Tmut           0%         N/A       86%         2
 Anguish                  Hex/Necr       0%         N/A       100%        4
 Alistair's Intoxication  Tmut/Pois      0%         N/A       100%        5
 Borgnjor's Vile Clutch   Necr/Erth      0%         N/A       100%        5
 Eringya's Noxious Bog    Tmut/Pois      0%         N/A       100%        6
 Enfeeble                 Hex            0%         N/A       100%        7
 Animate Skeleton         Necr           Unusable   N/A       N/A         1
 Summon Small Mammal      Summ           Unusable   N/A       N/A         1
 Tukima's Dance           Hex            Unusable   N/A       N/A         3
 Summon Hydra             Summ           Unusable   N/A       N/A         7

Dungeon Overview and Level Annotations

Branches:
Dungeon (8/15)             Temple (0/1) D:5           Sewer (visited)
   Lair: D:8-11

Altars:
Gozag
Kikubaaqudgha
Okawaru
Qazlal
Ru
Sif Muna
Trog
Wu Jian
Yredelemnul

Shops:
D:2 [   D:7 [

Annotations:
D:6 Maggie
D:8 Gastronok


Innate Abilities, Weirdness & Mutations

You can breathe blasts of scalding, opaque steam.
Your pale cyan-grey scales are hard. (AC +7)
You cannot fit into any form of body armour.
You are frail. (-10% HP)
You are cold-blooded and may be slowed by cold attacks.
You cannot study or use magical devices.
You are hated by all.
You are immune to the effects of steam.


Message History

The wight is engulfed in a cloud of scalding steam.
You destroy the wight!
Your Shields skill increases to level 4!
Gastronok is engulfed in a cloud of scalding steam.
You feel better.
You have got your breath back.
As you read the scroll labelled XEVIQO SOUDAP, it crumbles to dust.
You feel aware of your surroundings.
You sensed 2 altars.
It was a scroll of magic mapping.
You take on a slight green cast.
It was a potion of attraction.
You feel attractive to monsters. Gastronok is attracted toward you.
The wight is attracted toward you.
You puncture Gastronok!
You tail-slap Gastronok, but do no damage.
Gastronok is severely wounded.
You block Gastronok's attack.
You puncture Gastronok! You tail-slap Gastronok.
Gastronok is severely wounded.
Gastronok begins to cast a spell, but is stunned by your conviction!
You puncture Gastronok! You tail-slap Gastronok.
Gastronok is severely wounded.
You puncture Gastronok!
Gastronok is almost dead.
Gastronok waves his eye-stalks in wide circles.
The air twists around and strikes you!!
Aiming: Breathe Steam (1% risk of failure)
Press: ? - help, Shift-Dir - straight line, f - Gastronok
Aim: Gastronok, wearing a +1 hat (almost dead, covering ground quickly, 100% to hit)
You exhale a blast of scalding steam.
The ball of steam hits Gastronok!
Gastronok is almost dead.
The ball of steam hits the wight.
The wight is lightly damaged.
The wight is engulfed in a cloud of scalding steam.
It was a potion of brilliance.
You feel clever all of a sudden.
Gastronok is engulfed in a cloud of scalding steam.
Gastronok waves his eye-stalks in wide circles.
The air twists around and strikes you!!
You die...

*,,,,,,,,,,,≈≈≈≈≈,,,*
*,**,*****,,≈≈♣≈≈z.#*
*,**,* *,,≈≈z≈≈..#*
*,*#.* *,,,≈≈≈....*
#,*#.* **,,.....*,*
#.##?#### **,....**,*
*.......## **..#***,*
***#.....####z#####!*
#......@wzz......*
*####...?.###########*
*[........#
*.###.....# #######
*,* ###..## #......
*,* #..# #.##### *,*
#..# #.### *,* #..#
#...# *,*
#..########### ###.#


You could see Gastronok (swift) and a wight.

Vanquished Creatures
  Menkaure (D:4)
  Edmund (D:6)
  A water moccasin (D:3)
  3 black bears
  2 ogres (D:6)
  A phantom (D:5)
  2 bullfrogs (Sewer)
  2 necrophages (D:6)
  3 scorpions
  14 wights
  A howler monkey (D:8)
  3 jellies
  2 hounds (D:6)
  Crazy Yiuf (D:4)
  2 gnoll shamans
  4 orc priests
  3 iguanas
  5 orc wizards
  10 gnolls
  6 adders
  A white imp (D:7)
  3 worms
  A dart slug (D:5)
  29 orcs
  16 ball pythons
  10 endoplasms
  18 giant cockroaches
  4 goblins
  3 hobgoblins
  9 quokkas
  11 bats
  16 frilled lizards
  6 kobolds
  6 rats
200 creatures vanquished.

Vanquished Creatures (others)
  An iguana (D:7)
  An orc wizard (D:6)
  32 plants
34 creatures vanquished.

Grand Total: 234 creatures vanquished

Notes
Turn   | Place    | Note
-------+----------+-------------------------------------------
     0 | D:1      | freelancePsychic the Draconian Fighter began the quest for
                  | the Orb.
     0 | D:1      | Reached XP level 1. HP: 19/19 MP: 1/1
   343 | D:1      | Reached XP level 2. HP: 25/26 MP: 2/2
   445 | D:1      | Found a faded altar of an unknown god.
   455 | D:1      | Prayed at the altar of an unknown god.
   455 | D:1      | Became a worshipper of Ru the Awakened
   466 | D:1      | Gained mutation: You cannot study or use magical devices.
                  | [Ru sacrifice]
   466 | D:1      | Reached * piety under Ru
   466 | D:1      | Reached ** piety under Ru
   847 | D:2      | Found Xiegguu's Armour Shop.
   966 | D:2      | Reached XP level 3. HP: 31/31 MP: 3/3
  1349 | D:2      | Found an opulent altar of Gozag.
  1868 | D:3      | Reached skill level 4 in Fighting
  1868 | D:3      | Reached XP level 4. HP: 17/40 MP: 4/4
  2108 | D:3      | Found a stormy altar of Qazlal.
  2108 | D:3      | Noticed a fire elemental
  2110 | D:3      | Noticed an air elemental
  2110 | D:3      | Noticed a water elemental
  2110 | D:3      | Noticed an earth elemental
  2229 | D:3      | Noticed a water moccasin
  2240 | D:3      | Killed a water moccasin
  2241 | D:3      | Reached skill level 1 in Stealth
  2241 | D:3      | Reached XP level 5. HP: 43/47 MP: 5/5
  2653 | D:3      | Found an ancient bone altar of Kikubaaqudgha.
  2905 | D:4      | You fall into a shaft and drop 3 floors!
  3018 | D:7      | Found Vaozun's Antique Armour Shoppe.
  3065 | D:7      | Found a basalt altar of Yredelemnul.
  3072 | D:7      | Gained mutation: You are hated by all. [Ru sacrifice]
  3072 | D:7      | Reached *** piety under Ru
  3268 | D:7      | Reached XP level 6. HP: 48/51 MP: 6/6
  3505 | D:7      | Reached skill level 5 in Short Blades
  3951 | D:6      | Noticed Maggie
  3981 | D:6      | Reached skill level 5 in Fighting
  3999 | D:6      | Your scales start taking on a pale cyan-grey colour.
  3999 | D:6      | Reached XP level 7. HP: 31/61 MP: 7/7
  3999 | D:6      | Gained mutation: You are immune to the effects of steam.
                  | [Pale Draconian growth]
  4456 | D:6      | Noticed Edmund
  4468 | D:6      | Killed Edmund
  4959 | D:5      | Entered Level 5 of the Dungeon
  5028 | D:5      | Found an iron altar of Okawaru.
  5068 | D:5      | Found a staircase to the Ecumenical Temple.
  5092 | D:5      | Reached skill level 6 in Fighting
  5092 | D:5      | Reached XP level 8. HP: 70/70 MP: 8/8
  5207 | D:5      | Found a glowing drain.
  5264 | Sewer    | Entered a sewer
  5576 | Sewer    | Gained mutation: You are frail. (-10% HP) [Ru sacrifice]
  5576 | Sewer    | Reached **** piety under Ru
  5576 | Sewer    | Reached ***** piety under Ru
  5593 | Sewer    | Reached skill level 1 in Polearms
  5866 | D:5      | Reached skill level 5 in Stealth
  6152 | D:6      | Found an ornate altar of the Wu Jian Council.
  6290 | D:6      | Reached skill level 7 in Fighting
  6294 | D:6      | Reached XP level 9. HP: 52/70 MP: 9/9
  6637 | D:4      | Noticed Menkaure
  6641 | D:4      | Killed Menkaure
  6648 | D:4      | Reached skill level 5 in Dodging
  6725 | D:4      | Found a shimmering blue altar of Sif Muna.
  6888 | D:4      | Found a bloodstained altar of Trog.
  7332 | D:4      | Found a runed translucent door.
  7333 | D:4      | Noticed Crazy Yiuf
  7361 | D:4      | Killed Crazy Yiuf
  7698 | D:7      | Reached skill level 5 in Polearms
  8036 | D:8      | Noticed Gastronok
  8057 | D:8      | Killed from afar by Gastronok

Illustrated notes

Levels and vault maps discovered:
D:1:      lightli_arrival_farm, layout_basic,
          shapermc_ecumenical_altar_totnotflames
D:2:      layout_loops_corners, serial_shops, nicolae_shop_stone, basic_altar,
          hangedman_decor_slide_cut
D:3:      layout_loops_ring, nicolae_kikubaaqudgha_miasma_corner,
          nicolae_qazlal_style_of_elements, minmay_misc_feat_doors,
          grunt_decor_arrowhead
D:4:      layout_loops_cross, lemuel_doored_altar, lemuel_blue_sif_altar,
          minmay_misc_feat_encased, serial_bayou_lake_a,
          uniq_crazy_yiuf_cottage, uniq_menkaure
D:5:      nicolae_cairo_tiling_very_big, layout_cave_pools,
          okawaru_altar_gauntlet_db, minmay_temple_entry_drinking_statues,
          gup_sewer_entry_bowl
D:6:      layout_cave_pods, nzn_wu_jian_council_hall, uniq_edmund, uniq_maggie
D:7:      layout_rooms, yredelemnul_altar_generic, serial_shops, shop
D:8:      layout_loops_ring, elyvilon_altar_3,
          gammafunk_ghost_wrathful_warriors, uniq_gastronok

Skill      XL: |  1  2  3  4  5  6  7  8  9 |
---------------+----------------------------+-----
Short Blades   | 3 4 5 6 |  6.6
Fighting       | 4 5 6 7 |  7.6
Stealth        | 1 2 3 4 5 |  5.9
Dodging        | 3 4 5 |  5.0
Polearms       | 3 5 |  5.1
Shields        | 4 |  4.0

Action                   |  1- 3 |  4- 6 |  7- 9 || total
-------------------------+-------+-------+-------++-------
Melee: Rapier            |   102 |   104 |   107 ||   313
       Tailslap          |     9 |    20 |    36 ||    65
       Trident           |       |       |   227 ||   227
Throw: Dart              |     2 |    16 |     5 ||    23
Invok: Sacrifice Artific |     1 |       |       ||     1
       Draw Out Power    |       |     3 |     1 ||     4
       Sacrifice Love    |       |     1 |       ||     1
       Sacrifice Health  |       |       |     1 ||     1
       Apocalypse        |       |       |     2 ||     2
 Abil: Breathe Steam     |       |       |    26 ||    26
  Use: Scroll            |     3 |     5 |     4 ||    12
       Potion            |     2 |     4 |     3 ||     9
 Stab: Sleeping          |     2 |     1 |    18 ||    21
       Distracted        |       |       |     2 ||     2
       Invisible         |       |       |     3 ||     3
Armor: Skin              |    40 |    16 |    86 ||   142
Dodge: Dodged            |    41 |    41 |   146 ||   228
Block: Buckler           |    19 |     9 |    38 ||    66
       Kite shield       |       |       |    18 ||    18

Table legend: (Time is in decaauts)
 A = Elapsed time spent in this place.
 B = Non-inter-level travel time spent in this place.
 C = Inter-level travel time spent in this place.
 D = Time resting spent in this place.
 E = Time spent auto-exploring this place.
 F = Levels seen in this place.
 G = Mean time per level.
                   A        B        C        D        E       F      G
               +--------+--------+--------+--------+--------+-----+--------+
         Total |   8211 |   7867 |    344 |    493 |   5591 |   9 |  912.3 |
       Dungeon |   7713 |   7369 |    344 |    493 |   5375 |   8 |  964.1 |
         Sewer |    497 |    497 |      0 |      0 |    216 |   1 |  497.0 |
               +--------+--------+--------+--------+--------+-----+--------+

Top non-repeatable levels by time:
     D:6: 1601 daAuts
     D:7: 1312 daAuts
     D:3: 1112 daAuts
     D:2: 1022 daAuts
     D:4: 889 daAuts
     D:1: 774 daAuts
     D:5: 693 daAuts
   Sewer: 497 daAuts
     D:8: 307 daAuts
